 Dungeon Crawl Stone Soup version 0.28.0-43-g3370ac3207 (webtiles) character file.

Game seed: 11222308334316289441

196 bnorton916 the Chiller (level 5, -2/52 HPs)
             Began as a Barachi Ice Elementalist on Mar 20, 2022.
             Slain by an ogre
             ... wielding a +0 giant spiked club
              (10 damage)
             ... on level 3 of the Dungeon.
             The game lasted 00:05:30 (3936 turns).

bnorton916 the Chiller (Barachi Ice Elementalist)   Turns: 3936, Time: 00:05:30

Health: -2/52      AC: 29    Str:  9    XL:     5   Next: 75%
Magic:  5/11       EV:  2    Int: 18    God:
Gold:   93         SH:  0    Dex: 12    Spells: 5/12 levels left

rFire   . . .      SeeInvis .   (no weapon)
rCold   . . .      Faith    .   (no shield)
rNeg    . . .      Spirit   .   (armour currently unavailable)
rPois   +          Reflect  .   (helmet currently unavailable)
rElec   .          Harm     .   (cloak currently unavailable)
rCorr   .          Rampage  .   (gloves currently unavailable)
Will    .....      NoTele   +   (boots currently unavailable)
Stlth   ++........              (no amulet)
HPRegen 0.17/turn               (no ring)
MPRegen 0.12/turn               (no ring)

@: brilliant, ice-armoured, tree-form, freezing walls
A: stationary, stasis, torment immunity, boosted hp, (amphibious), (slowness 1),
(strong legs 1), +LOS
a: no special abilities


You were on level 3 of the Dungeon.
You were a tree.
You visited 1 branch of the dungeon, and saw 3 of its levels.

You collected 93 gold pieces.

Inventory:

Missiles
 c - 102 stones
 h - 4 poisoned darts (quivered)
Armour
 a - a +0 robe (melded)
 f - a +0 leather armour
 g - a +1 pair of boots of rampaging (melded)
 o - a +0 cloak (melded)
Jewellery
 d - an amulet of faith
Scrolls
 b - 2 scrolls of identify {unknown}
 e - a scroll of magic mapping {unknown}
 i - a scroll of summoning {unknown}
 m - a scroll of fear {unknown}
Potions
 j - 2 potions of lignification
 k - a potion of brilliance
 l - a potion of berserk rage {unknown}
 n - a potion of resistance {unknown}


   Skills:
 - Level 2.1 Dodging
 - Level 1.7 Stealth
 + Level 4.4 Spellcasting
 + Level 6.7 Ice Magic


You had 5 spell levels left.
You knew the following spells:

 Your Spells              Type           Power      Damage    Failure   Level
a - Freeze                Ice            100%       1d11      1%          1
b - Frozen Ramparts       Ice            84%        1d10      2%          3
c - Ozocubu's Armour      Ice            42%        N/A       2%          3

Your spell library contained the following spells:

 Spells                   Type           Power      Damage    Failure   Level
 Hailstorm                Conj/Ice       24%        3d7       34%         4
 Gell's Gravitas          Tloc           5%         N/A       38%         3
 Lesser Beckoning         Tloc           5%         N/A       38%         3
 Teleport Other           Tloc           5%         N/A       38%         3


Dungeon Overview and Level Annotations

Branches:
Dungeon (3/15)

Altars:
Wu Jian

Shops:
D:1 *   D:3 :


Innate Abilities, Weirdness & Mutations

You are a tree.
Your roots penetrate the ground, keeping you stationary.
You cannot be teleported.
You are immune to unholy pain and torment.
Your maximum health is greatly increased.
Your equipment is partially melded.
((You are amphibious.))
((You cover ground slowly.))
((You can hop short distances.))
You have an extended range of vision and can be seen from far away.


Message History

Casting: Ozocubu's Armour (dangerous; 2% risk of failure)
Confirm with . or Enter, or press ? or * to list all spells.
Casting: Frozen Ramparts (dangerous; 2% risk of failure)
Press: ? - help, Dir - look around, f - activate An open door.
The walls around you are covered in ice.
The wall freezes the ogre.
You aren't carrying any items that you can evoke.
Unknown command.
Unknown command.
Throw: 6 darts (poison)
Press: ? - help, Q - select action, (/) - cycle Shift-Dir - straight line, f - ogre
Aim: an ogre, wielding a +0 giant spiked club (lightly wounded, 72% to hit)
You throw a poisoned dart. The poisoned dart hits the ogre.
The ogre is lightly wounded.
The wall freezes the ogre.
Throw: 5 darts (poison)
Press: ? - help, Q - select action, (/) - cycle Shift-Dir - straight line, f/p - ogre
Aim: an ogre, wielding a +0 giant spiked club (lightly wounded, 72% to hit)
You throw a poisoned dart. The poisoned dart hits the ogre.
The ogre is poisoned.
The ogre is lightly wounded.
The wall freezes the ogre.
The ogre hits you with a +0 giant spiked club!!
Ouch! That really hurt!
* * * LOW HITPOINT WARNING * * *
Unknown command.
It was a potion of lignification.
You turn into a tree.
Your +0 cloak melds into your body.
Your +1 pair of boots of rampaging melds into your body.
Your +0 robe melds into your body.
You no longer feel able to rampage towards enemies.
Your roots penetrate the ground.
The wall freezes the ogre.
The ogre hits you with a +0 giant spiked club.
* * * LOW HITPOINT WARNING * * *
It was a potion of brilliance.
You feel clever all of a sudden.
The wall freezes the ogre.
The ogre hits you with a +0 giant spiked club!
You die...

###..##.....## ..>
###..#.......##...
#...#..#.............
#.......'.............
#....####..........#
#.#.# ##.......#.#
#.## ##.....## ##...##
##♣## #O# #(#
#......O.# ...#####.#
..... #...?#. #.#.##.#
..... #


You could see an ogre (poisoned).

Vanquished Creatures
  An orc priest (D:3)
  A hound (D:3)
  2 orc wizards (D:3)
  2 adders (D:3)
  A worm (D:2)
  2 dart slugs
  5 orcs (D:3)
  5 bats
  6 endoplasms
  8 goblins
  5 hobgoblins
  3 quokkas
  6 ball pythons
  3 kobolds
  5 rats
55 creatures vanquished.

Vanquished Creatures (others)
  7 fungi (D:1)
  3 plants (D:1)
10 creatures vanquished.

Grand Total: 65 creatures vanquished

Notes
Turn   | Place    | Note
-------+----------+-------------------------------------------
     0 | D:1      | bnorton916 the Barachi Ice Elementalist began the quest for
                  | the Orb.
     0 | D:1      | Reached XP level 1. HP: 13/13 MP: 3/3
   209 | D:1      | Reached skill level 5 in Ice Magic
   720 | D:1      | Reached XP level 2. HP: 19/19 MP: 2/5
   808 | D:1      | Found a faded altar of an unknown god.
  1129 | D:1      | Found Ytel's Assorted Antiques.
  1882 | D:2      | Reached XP level 3. HP: 22/24 MP: 4/7
  1886 | D:2      | Learned a level 3 spell: Frozen Ramparts
  1890 | D:2      | Learned a level 3 spell: Ozocubu's Armour
  3328 | D:3      | Reached XP level 4. HP: 30/30 MP: 7/9
  3377 | D:3      | Reached skill level 6 in Ice Magic
  3615 | D:3      | Found an ornate altar of the Wu Jian Council.
  3678 | D:3      | Reached XP level 5. HP: 35/35 MP: 3/11
  3905 | D:3      | Found Wuuxt's Book Boutique.
  3926 | D:3      | Noticed an ogre
  3936 | D:3      | Slain by an ogre

Illustrated notes

Levels and vault maps discovered:
D:1:      giann_forest_graveyard, layout_rooms,
          shapermc_ecumenical_altar_mp_urbaneastern, serial_shops, shop
D:2:      layout_loops_corners, amcnicky_mini_pool_small
D:3:      layout_loops_corners, tgw_sif, nzn_wu_jian_contemplation,
          serial_shops, nicolae_square_shop, shop, nicolae_shop_trees, shop,
          serial_park_tiny_1

Skill      XL: |  1  2  3  4 |
---------------+-------------+-----
Ice Magic      | 5 6 |  6.7
Spellcasting   | 3 4 |  4.4
Dodging        | |  2.1
Stealth        | |  1.7

Action                   |  1- 3 |  4- 6 || total
-------------------------+-------+-------++-------
Melee: Unarmed           |    18 |     1 ||    19
Throw: Stone             |     2 |       ||     2
       Dart              |     1 |     2 ||     3
 Cast: Freeze            |    60 |    12 ||    72
       Frozen Ramparts   |     1 |     4 ||     5
       Ozocubu's Armour  |       |     2 ||     2
  Use: Potion            |       |     2 ||     2
 Stab: Sleeping          |     2 |       ||     2
Armor: Robe              |    13 |     6 ||    19
Dodge: Dodged            |    40 |     9 ||    49
